AoeStats
← Skrzydlaty, wampiryczny Jezus

Arabia

509604928Analyzed
1v1 RM · 5d ago on Sep 27, 2026· 74m 0s· 2 players
Game mode
Random Map
Map size
Tiny (2 player)
Population
200
Speed
Normal
Resources
Standard
Victory
Conquest
Starting age
Dark Age
Ending age
Imperial Age
RankedLock teamsTeams togetherTeam positionsShared explorationLock speedFull tech treeHidden civsTurbo modeCheats
Victory
Defeat
1224
+15
🇮🇪 Saxons · Ireland
1194
-15
[MF] Mean Outlaw
8:14 Loom
9:59 Feudal Age
11:22 Gold Mining
11:32 Double-Bit Axe
14:29 Horse Collar
16:35 Fletching
20:25 Wheelbarrow
23:08 Castle Age
22:52 Stone Mining
23:21 Padded Archer Armor
24:16 Bodkin Arrow
23:43 Crossbowman
24:33 Thumb Ring
24:45 Leather Archer Armor
29:02 Bow Saw
28:45 Town Watch
31:00 Ballistics
31:42 Murder Holes
37:55 Hand Cart
40:23 Imperial Age
38:28 Hand Cart
39:57 Town Watch
41:27 Conscription
41:26 Arbalester
42:07 Bracer
43:09 Masonry
47:46 Elite Hearth Troop
50:26 Guilds
50:49 Shield Wall
51:55 Treadmill Crane
52:46 Architecture
54:35 Pikeman
56:42 Two-Man Saw
55:18 Halberdier
55:59 Squires
56:37 Capped Ram
58:06 Scale Mail Armor
59:33 Siege Engineers
62:36 Chemistry
63:18 Ring Archer Armor
63:05 Chain Mail Armor
63:01 Forging
65:35 Fortified Wall
66:15 Plate Mail Armor
68:19 Iron Casting
69:43 Siege Ram
72:47 Arson
Skrzydlaty, wampiryczny Jezus
6:43 Loom
10:21 Feudal Age
10:44 Horse Collar
10:53 Double-Bit Axe
13:44 Town Watch
14:54 Stone Mining
19:54 Castle Age
20:07 Scale Mail Armor
20:18 Forging
22:10 Heavy Plow
23:03 Bow Saw
23:21 Chain Mail Armor
27:05 Iron Casting
27:47 Wheelbarrow
31:28 Hand Cart
31:21 Squires
39:19 Arson
46:11 Imperial Age
44:09 Scale Barding Armor
44:53 Bloodlines
44:43 Husbandry
44:04 Light Cavalry
45:22 Chain Barding Armor
47:01 Szlachta Privileges
46:30 Cavalier
48:20 Blast Furnace
46:46 Winged Hussar
48:39 Capped Ram
49:56 Plate Mail Armor
51:36 Gold Mining
52:22 Stone Shaft Mining
51:55 Siege Ram
54:49 Lechitic Legacy
58:25 Crop Rotation
59:10 Fletching
59:12 Elite Obuch
60:24 Siege Engineers
59:45 Elite Obuch
60:44 Bodkin Arrow
62:05 Man-at-Arms
65:28 Town Patrol
65:29 Bracer
65:30 Padded Archer Armor
Connection lost

Rejoining the realm…

Still unreachable

The connection could not be restored.

Session expired

The server has moved on; the page needs a fresh start.